 Dungeon Crawl Stone Soup version 0.32-a0-705-g60f2335 (webtiles) character file.

Game seed: 704219007578792476

180 Dorkslayer the Ruffian (level 5, 0/36 HPs)
             Began as an Octopode Fighter on Mar 14, 2024.
             Slain by an endoplasm (3 damage)
             ... on level 3 of the Dungeon.
             The game lasted 00:05:48 (1581 turns).

Dorkslayer the Ruffian (Octopode Fighter)           Turns: 1581, Time: 00:05:48

Health: 0/36       AC: -3    Str: 18    XL:     5   Next: 60%
Magic:  5/5        EV: 12    Int: 10    God:
Gold:   134        SH:  4    Dex: 11    Spells: 4/4 levels left

rFire   . .          .
                       - Unarmed
rCold   . . .        a - +0 buckler
rNeg    . . .        (helmet restricted)
rPois   .            c - amulet of regeneration
rElec   .            (no ring)
rCorr   .            (no ring)
SInv    .            (no ring)
Will    .....        (no ring)
Stlth   +++          (no ring)
HPRegen 1.06/turn    (no ring)
MPRegen 0.09/turn    (no ring)
                     (no ring)

%: no passive effects
@: corroded
A: almost no armour, amphibious, 8 rings, camouflage 1, gelatinous body 1,
(nimble swimmer 1), tentacles
a: no special abilities


You were on level 3 of the Dungeon.
You visited 1 branch of the dungeon, and saw 3 of its levels.

You collected 134 gold pieces.

Inventory:

Hand Weapons
 m - a +0 broad axe
Missiles
 l - a throwing net (quivered)
Armour
 a - a +0 buckler (worn)
Jewellery
 c - an amulet of regeneration (around mantle)
Scrolls
 f - a scroll of fear {unknown}
 g - a scroll of immolation {unknown}
 i - a scroll of teleportation {unknown}
Potions
 b - a potion of might
 d - 2 potions of curing
 h - a potion of brilliance {unknown}
 j - a potion of mutation
 k - a potion of haste


   Skills:
 + Level 3.4 Fighting
 + Level 3.7 Dodging
 + Level 2.6 Stealth
 + Level 3.5 Shields
 * Level 3.9 Unarmed Combat


You had 4 spell levels left.
You didn't know any spells.
Your spell library was empty.

Dungeon Overview and Level Annotations

Branches:
Dungeon (3/15)

Altars:


Innate Abilities, Weirdness & Mutations

You cannot wear most types of armour.
You are amphibious.
You can wear up to eight rings at the same time.
Your skin changes colour to match your surroundings (Stealth+).
Your rubbery body absorbs attacks. (AC +1, EV +1)
((You are camouflaged when in or above water. (Stealth+)))
You have tentacles for arms and can constrict up to eight enemies at once.


Message History

The jelly is severely wounded.
You feel sick.
You are no longer poisoned.
The jelly barely misses you.
You tentacle-slap the jelly.
Your tentacles burn!
You squeeze the jelly, but do no damage.
The jelly is almost dead.
The jelly hits you. The acid corrodes you!
You are splashed with acid!
* * * LOW HITPOINT WARNING * * *
You tentacle-slap the jelly.
You kill the jelly!
You tentacle-slap the orc. You grab the orc.
The orc is moderately wounded.
You constrict the orc. The orc hits you with a +0 falchion.
* * * LOW HITPOINT WARNING * * *
You tentacle-slap the orc.
You kill the orc!
A kobold and an endoplasm come into view.
Things that are here:
a +0 falchion; an orc corpse The endoplasm hits you.
* * * LOW HITPOINT WARNING * * *
You see here an adder corpse.
The endoplasm hits you.
* * * LOW HITPOINT WARNING * * *
You tentacle-slap the endoplasm.
The endoplasm is almost dead.
The endoplasm freezes you.
You are frozen.
* * * LOW HITPOINT WARNING * * *
You completely miss the endoplasm.
The endoplasm is almost dead.
The endoplasm hits you.
* * * LOW HITPOINT WARNING * * *
The kobold hits you with a +0 club.
* * * LOW HITPOINT WARNING * * *
You tentacle-slap the endoplasm but do no damage.
The endoplasm is almost dead.
The endoplasm hits you.
You die...

#.# #..........
#.# #####.#####
#.# #+# ##.####
#####.....#####
...............#
##.###[##)#.##.#
# .###.##†#.# +
......J@.)#
##.##.#K#.#
.......#...
.##.#.#.# ##.#
.....#.. # .#.?.
..# ...? #.# #..
... #^..####


You could see an endoplasm and a kobold.

Vanquished Creatures
  A bombardier beetle (D:3)
  A jelly (D:3)
  4 adders
  4 dart slugs
  3 ribbon worms (D:2)
  An orc (D:3)
  5 ball pythons
  10 bats
  4 endoplasms
  2 goblins
  5 hobgoblins
  7 jackals (D:1)
  6 kobolds
  2 quokkas (D:1)
  A frilled lizard (D:1)
  3 rats
59 creatures vanquished.

Notes
Turn   | Place    | Note
-------+----------+-------------------------------------------
     0 | D:1      | Dorkslayer the Octopode Fighter began the quest for the
                  | Orb.
     0 | D:1      | Reached XP level 1. HP: 16/16 MP: 1/1
   112 | D:1      | Reached XP level 2. HP: 21/21 MP: 2/2
   155 | D:1      | Found a faded altar of an unknown god.
   326 | D:1      | Reached XP level 3. HP: 16/26 MP: 3/3
  1020 | D:2      | Reached XP level 4. HP: 29/31 MP: 4/4
  1024 | D:2      | Reached skill level 1 in Stealth
  1391 | D:3      | Reached XP level 5. HP: 36/36 MP: 5/5
  1581 | D:3      | Slain by an endoplasm

Illustrated notes

Levels and vault maps discovered:
D:1:      dpeg_arrival_solitude, layout_loops_ring, basic_ecumenical_altar,
          chequers_hall_statues_y
D:2:      wad_crossroads, layout_basic
D:3:      layout_loops_corners, ebering_ghost_disaster_area, minmay_diced_spiral

Skill      XL: |  1  2  3  4 |
---------------+-------------+-----
Stealth        | 2 |  2.6
Unarmed Combat | 3 |  3.9
Fighting       | |  3.4
Dodging        | |  3.7
Shields        | |  3.5

Action                     |  1- 3 |  4- 6 || total
---------------------------+-------+-------++-------
  Melee: Unarmed           |    88 |    41 ||   129
         Constrict         |    28 |    12 ||    40
         Tentacles         |    16 |     7 ||    23
         Punch             |     2 |     1 ||     3
    Use: Scroll            |     4 |       ||     4
   Stab: Sleeping          |     5 |     4 ||     9
 Armour: Skin              |    36 |    17 ||    53
  Dodge: Dodged            |    67 |     8 ||    75
  Block: Buckler           |    14 |     6 ||    20

Table legend: (Time is in decaauts)
 A = Elapsed time spent in this place.
 B = Non-inter-level travel time spent in this place.
 C = Inter-level travel time spent in this place.
 D = Time resting spent in this place.
 E = Time spent auto-exploring this place.
 F = Levels seen in this place.
 G = Mean time per level.
                   A        B        C        D        E       F      G
               +--------+--------+--------+--------+--------+-----+--------+
         Total |   1581 |   1581 |      0 |      0 |    827 |   3 |  527.0 |
       Dungeon |   1581 |   1581 |      0 |      0 |    827 |   3 |  527.0 |
               +--------+--------+--------+--------+--------+-----+--------+

Top non-repeatable levels by time:
     D:1: 717 daAuts
     D:2: 668 daAuts
     D:3: 195 daAuts
